 Dungeon Crawl Stone Soup version 0.26.0-45-g9c1d065592 (webtiles) character file.

Game seed: 5819338849415243729

3672 Gadfly the Righteous (level 10, -9/76 HPs)
             Began as a Formicid Fighter on Feb 1, 2021.
             Was a Follower of the Shining One.
             Mangled by a death yak (21 damage)
             ... on level 8 of the Dungeon.
             The game lasted 00:11:50 (5252 turns).

Gadfly the Righteous (Formicid Fighter)             Turns: 5252, Time: 00:11:51

Health: -9/76      AC: 16    Str: 22    XL:     10   Next: 34%
Magic:  16/16      EV:  6    Int:  9    God:    the Shining One [*.....]
Gold:   623        SH: 11    Dex: 11    Spells: 7/9 levels left

rFire    . . .     SeeInvis +   b - +2 war axe (elec)
rCold    . . .     Faith    .   c - +1 kite shield
rNeg     . . .     Spirit   .   k - +0 plate armour
rPois    .         Reflect  .   (helmet unavailable)
rElec    .         Harm     .   o - +0 cloak
rCorr    .         Rampage  .   n - +0 pair of gloves
Will     +....     Clarity  +   q - +0 pair of boots
Stlth    ..........             j - amulet of regeneration
HPRegen  1.02/turn              (no ring)
MPRegen  0.15/turn              (no ring)

@: glowing
A: permanent stasis, dig shafts and tunnels, four strong arms, antennae 3,
hooves 1, clarity, regeneration 1
a: Dig, Shaft Self, Renounce Religion


You were on level 8 of the Dungeon.
You worshipped the Shining One.
The Shining One was aware of your devotion.
You visited 2 branches of the dungeon, and saw 9 of its levels.
You also visited: Bailey.

You collected 623 gold pieces.

Inventory:

Hand Weapons
 a - a +7 trident of holy wrath
 b - a +2 war axe of electrocution (weapon)
 y - a +0 glaive
 D - a +3 trident of flaming
Armour
 c - a +1 kite shield (worn)
 k - a +0 plate armour (worn)
 n - a +0 pair of gloves (worn)
 o - a +0 cloak (worn)
 q - a +0 pair of boots (worn)
Jewellery
 j - an amulet of regeneration (around neck)
 z - the ring of Finality {rF+++ Str+6 Dex+6 Stlth-, unknown}
   (You found it on level 7 of the Dungeon)

   [ring of strength]

   It affects your strength (+6).
   It affects your dexterity (+6).
   It renders you almost immune to fire.
   It makes you less stealthy.
Wands
 r - a wand of digging (4)
 s - a wand of enslavement (9)
 u - a wand of disintegration (7) (quivered)
 B - a wand of paralysis (11)
Scrolls
 p - 2 scrolls of remove curse
 v - 5 scrolls of enchant weapon
 w - 3 scrolls of enchant armour
 A - a scroll of blinking {unknown}
Potions
 d - 3 potions of might
 e - a potion of experience {unknown}
 f - a potion of flight
 g - a potion of ambrosia
 h - a potion of degeneration {unknown}
 i - a potion of cancellation
 l - a potion of mutation
 m - a potion of lignification
 t - 2 potions of heal wounds
 x - a potion of curing {unknown}
 C - a potion of attraction {unknown}


   Skills:
 - Level 6.3 Fighting
 + Level 6.4 Polearms
 - Level 6.2 Armour
 - Level 6.7 Shields
 - Level 8.2 Invocations
 - Level 7.3 Evocations


You had 7 spell levels left.
You knew the following spells:

 Your Spells              Type           Power        Failure   Level
a - Wereblood             Tmut           0%           100%        2

Your spell library contained the following spells:

 Spells                   Type           Power        Failure   Level
 Beastly Appendage        Tmut           0%           100%        1
 Spider Form              Tmut/Pois      0%           100%        3
 Ice Form                 Ice/Tmut       0%           100%        4
 Blade Hands              Tmut           0%           100%        5


Dungeon Overview and Level Annotations

Branches:
Dungeon (8/15)             Temple (1/1) D:6            Lair (0/6) D:8
 Bailey (visited)

Altars:
Ashenzari
Cheibriados
Dithmenos
Elyvilon
Fedhas
Hepliaklqana
Kikubaaqudgha
Makhleb
Nemelex Xobeh
Okawaru
Qazlal
Ru
Sif Muna
Trog
Uskayaw
Vehumet
Wu Jian
Xom
Zin
The Shining One


Innate Abilities, Weirdness & Mutations

You cannot be hasted, slowed, berserked, paralysed or teleported.
You can dig through walls and to a lower floor.
Your four strong arms can wield two-handed weapons with a shield.
You have a pair of large antennae on your head. (SInv)
You have large cloven feet.
You possess an exceptional clarity of mind.
Your natural rate of healing is unusually fast.


Message History

You hit the death yak but do no damage.
Lightning courses through the death yak!
The death yak is heavily wounded.
The death yak gores you. You block the death yak's attack.
You hit the death yak.
The death yak is heavily wounded.
You hit the death yak.
The death yak is heavily wounded.
You hit the death yak but do no damage.
Lightning courses through the death yak!
The death yak gores you! The death yak gores you.
The death yak gores you but does no damage.
The death yak gores you!!
* * * LOW HITPOINT WARNING * * *
You feel much better.
The death yak gores you but does no damage.
The death yak gores you!!
* * * LOW HITPOINT WARNING * * *
The death yak gores you!!
You die...

.......................#
...#..................##
...#.................##
.....## ...........##
......#.##. #......##
..YY$...##.##.....##
#..######.........#
...##.## #.#...Y>####
.......#####.Y.Y@...##
.............Y.Y.##..##
......##...#.......#..#
.......#...#.........##
(.......#............#
.............##...#.##
..................#.#
...........#.#...####
..........####..##


You could see 5 death yaks.

Vanquished Creatures
  3 orc knights (Bailey)
  A water moccasin (D:8)
  An ice beast (D:5)
  A sky beast (D:5)
  A phantom (D:8)
  8 orc warriors
  2 ogres
  A bullfrog (D:8)
  2 gnoll sergeants
  A water moccasin zombie (D:8)
  A water moccasin skeleton (D:4)
  A howler monkey (D:8)
  A bullfrog zombie (D:5)
  2 hounds
  A jelly (D:8)
  An orc priest (D:7)
  2 orc wizards
  A centaur skeleton (D:8)
  3 worker ants
  A killer bee zombie (D:6)
  A hound skeleton (D:7)
  9 gnolls
  10 adders
  A shadow imp (D:6)
  A white imp (D:6)
  2 ufetubi
  3 oozes (D:1)
  2 adder skeletons
  3 worms
  3 dart slugs
  5 leopard geckos
  40 orcs
  12 giant cockroaches
  10 goblins
  3 hobgoblins
  12 jackals
  3 quokkas
  A ball python (D:4)
  2 bats
  5 frilled lizards
  4 kobolds
  2 leopard gecko skeletons
  A quokka skeleton (D:3)
  11 rats
181 creatures vanquished.

Notes
Turn   | Place    | Note
-------+----------+-------------------------------------------
     0 | D:1      | Gadfly the Formicid Fighter began the quest for the Orb.
     0 | D:1      | Reached XP level 1. HP: 18/18 MP: 1/1
     2 | D:1      | Found a runed translucent door.
    63 | D:1      | Reached XP level 2. HP: 24/24 MP: 2/2
    80 | D:1      | Reached skill level 1 in Invocations
   197 | D:1      | Reached skill level 1 in Evocations
   294 | D:1      | Reached XP level 3. HP: 29/29 MP: 3/3
   618 | D:1      | Reached skill level 2 in Invocations
   624 | D:1      | Reached XP level 4. HP: 24/35 MP: 2/5
   811 | D:2      | Found a sparkling altar of Nemelex Xobeh.
   811 | D:2      | Found a sacrificial altar of Ru.
   813 | D:2      | Found a blossoming altar of Fedhas.
   813 | D:2      | Found a stormy altar of Qazlal.
   815 | D:2      | Found a hide-covered altar of Uskayaw.
   815 | D:2      | Found an ornate altar of the Wu Jian Council.
  1053 | D:2      | Reached XP level 5. HP: 42/42 MP: 7/7
  1675 | D:3      | Reached skill level 3 in Invocations
  1934 | D:3      | Gained mutation: You possess an exceptional clarity of
                  | mind. [potion of mutation]
  1934 | D:3      | Gained mutation: You have large cloven feet. [potion of
                  | mutation]
  1934 | D:3      | Gained mutation: Your natural rate of healing is unusually
                  | fast. [potion of mutation]
  1948 | D:3      | Found a glowing golden altar of the Shining One.
  1971 | D:3      | Found a hazy altar of Hepliaklqana.
  2043 | D:3      | Reached XP level 6. HP: 37/48 MP: 8/8
  2627 | D:5      | Entered Level 5 of the Dungeon
  2627 | D:5      | Noticed an ice beast
  2638 | D:5      | Killed an ice beast
  2639 | D:5      | Reached XP level 7. HP: 43/54 MP: 9/9
  2661 | D:5      | Reached skill level 4 in Invocations
  3162 | D:6      | Found a snail-covered altar of Cheibriados.
  3239 | D:6      | Reached skill level 5 in Shields
  3239 | D:6      | Reached XP level 8. HP: 46/61 MP: 11/11
  3282 | D:6      | Reached skill level 5 in Invocations
  3300 | D:6      | Found a staircase to the Ecumenical Temple.
  3313 | Temple   | Entered the Ecumenical Temple
  3592 | D:3      | Became a worshipper of the Shining One
  3723 | D:6      | Found a sparkling altar of Nemelex Xobeh.
  3945 | D:6      | Learned a level 2 spell: Wereblood
  4125 | D:7      | Found a flagged portal.
  4141 | Bailey   | Entered a bailey
  4299 | Bailey   | Reached skill level 5 in Fighting
  4299 | Bailey   | Reached skill level 5 in Armour
  4299 | Bailey   | Reached skill level 5 in Evocations
  4435 | Bailey   | Reached skill level 6 in Invocations
  4448 | Bailey   | Reached XP level 9. HP: 61/68 MP: 13/13
  4458 | Bailey   | Noticed an orc knight
  4483 | Bailey   | Killed an orc knight
  4486 | Bailey   | Reached skill level 7 in Invocations
  4495 | Bailey   | Noticed an orc knight
  4504 | Bailey   | Killed an orc knight
  4625 | Bailey   | Noticed an orc knight
  4680 | Bailey   | Killed an orc knight
  4681 | Bailey   | Reached skill level 8 in Invocations
  4681 | Bailey   | Reached XP level 10. HP: 25/76 MP: 14/16
  4965 | D:7      | Got a scintillating brass ring
  5096 | D:7      | You fall into a shaft and drop 1 floor!
  5120 | D:8      | Reached * piety under the Shining One
  5121 | D:8      | Reached skill level 5 in Polearms
  5223 | D:8      | Noticed a death yak
  5224 | D:8      | Found a staircase to the Lair.
  5225 | D:8      | Noticed a death yak
  5225 | D:8      | Noticed a death yak
  5226 | D:8      | Noticed a death yak
  5226 | D:8      | Noticed a death yak
  5252 | D:8      | Mangled by a death yak

Illustrated notes

Levels and vault maps discovered:
D:1:      dpeg_arrival_caged_fury, layout_basic
D:2:      layout_rooms, grunt_temple_overflow_open, kennysheep_generic_room_13
D:3:      minmay_evil_eye, layout_loops_cross, lemuel_round_altar,
          nzn_hepliaklqana_mist_gate
D:4:      layout_basic
D:5:      layout_rooms
D:6:      layout_rooms, nicolae_overflow_crystal_walls,
          minmay_temple_entry_glassed_door, nemelex_lonely_heart_becter
D:7:      layout_basic, enter_bailey_5, minmay_shop_enchanted_jewellery
D:8:      layout_cave_pools, gammafunk_temple_overflow_statue,
          dpeg_lair_monsters
Temple:   bh_familiar_temple

Skill      XL: |  1  2  3  4  5  6  7  8  9 10 |
---------------+-------------------------------+-----
Invocations    | 1 2 3 4 6 8 |  8.2
Evocations     | 1 2 3 4 5 7 |  7.3
Shields        | 4 5 6 |  6.7
Fighting       | 4 5 6 |  6.3
Armour         | 4 5 6 |  6.2
Polearms       | 3 4 6 |  6.4

Action                   |  1- 3 |  4- 6 |  7- 9 | 10-12 || total
-------------------------+-------+-------+-------+-------++-------
Melee: Trident           |    80 |   227 |    89 |       ||   396
       Kick              |       |    11 |    10 |       ||    21
       War axe           |       |       |   175 |    41 ||   216
 Abil: Dig               |       |       |     2 |       ||     2
Evoke: Wand              |       |       |     3 |     1 ||     4
  Use: Scroll            |       |     7 |     4 |       ||    11
       Potion            |       |     1 |     2 |     1 ||     4
Armor: Scale mail        |    33 |    62 |    45 |       ||   140
       Plate armour      |       |       |    98 |    25 ||   123
Dodge: Dodged            |    20 |    65 |    66 |    10 ||   161
Block: Kite shield       |    36 |    93 |   220 |    28 ||   377
